 Dungeon Sprint DCSS version 0.19.1-1-g22dce08 (webtiles) character file.

280 dvd the Protected (level 6, -11/62 HPs)
             Began as a Minotaur Fighter on Jan 2, 2017.
             Mangled by a spiny frog (20 damage)
             ... in the Dungeon (Sprint III: "The Ten Rune Challenge").
             The game lasted 00:01:42 (473 turns).

dvd the Protected (Minotaur Fighter)                 Turns: 473, Time: 00:01:43

Health: -11/62     AC: 12    Str: 21    XL:     6   Next: 5%
Magic:  5/5        EV: 10    Int:  5    God:
Gold:   20         SH:  0    Dex: 11    Spells: 0 memorised, 5 levels left

rFire  . . .     SeeInvis .     o - +3 quarterstaff (chaos)
rCold  . . .     Gourm    .     b - +0 scale mail
rNeg   . . .     Faith    .     (shield currently unavailable)
rPois  .         Spirit   .     (helmet restricted)
rElec  .         Reflect  .     n - +1 cloak
rCorr  .         Harm     .     (no gloves)
MR     .....     NoTele   +     l - +0 pair of boots
Stlth  ..........               (no amulet)
                                (no ring)
                                (no ring)

@: lethally poisoned (-11 -> -26)
A: retaliatory headbutt, horns 2
a: no special abilities


You were in the Dungeon.
You were not hungry.

You visited 1 branch You collected 20 gold pieces.

Inventory:

Hand Weapons
 a - a +0 war axe
 o - a +3 quarterstaff of chaos (weapon)
Armour
 b - a +0 scale mail (worn)
 c - a +0 shield
 l - a +0 pair of boots (worn)
 n - a +1 cloak (worn)
Scrolls
 k - a scroll of blinking
 q - 2 scrolls of holy word {unknown}
 r - 4 scrolls of identify
 s - 3 scrolls of remove curse
Potions
 d - a potion of might
 e - a potion of curing
 h - a potion of haste
 i - 3 potions of magic
 p - 2 potions of mutation {unknown}
 u - 2 potions of cure mutation {unknown}
 w - a potion of flight {unknown}
Comestibles
 f - a bread ration
 t - 4 fruits
 v - a royal jelly


   Skills:
 + Level 8.9 Fighting
 + Level 5.8 Axes
 + Level 2.0 Staves
 + Level 9.3 Armour
 + Level 0.2 Dodging
 + Level 8.2 Shields


You had 5 spell levels left.
You didn't know any spells.

Dungeon Overview and Level Annotations

Branches:
Dungeon (1/1)

Altars:
Okawaru
Trog
Uskayaw
Beogh


Innate Abilities, Weirdness & Mutations

You reflexively headbutt those who attack you in melee.
You have a pair of horns on your head.


Message History

The troll is lightly wounded.
The troll closely misses you. The troll claws you but does no damage.
The troll claws you!
You sock the troll!
The troll evaporates and reforms as a spiny frog!
The spiny frog is moderately wounded.
The spiny frog barely misses you. You furiously retaliate!
You headbutt the spiny frog. You thump the spiny frog!
The spiny frog is poisoned.
The spiny frog is heavily wounded.
The spiny frog stings you!
* * * LOW HITPOINT WARNING * * *
You are lethally poisoned!
The spiny frog poisons you!
You closely miss the spiny frog.
The spiny frog is heavily wounded.
* * * LOW HITPOINT WARNING * * *
You feel sick. The spiny frog closely misses you. You furiously retaliate!
You headbutt the spiny frog! The spiny frog stings you!!
You die...

▓▓▓▓▓ ▓▓▓ ..♣.♣ ♣.#
##### ....♣♣ ♣♣.#
#__[# ...♣.♣ ♣..#
#__.#
...≈♣♣♣♣..###+#F###+##
..≈≈.♣.♣♣.#....!@....#
÷≈≈≈≈♣..♣.'.⌠........#
.≈≈≈≈≈≈♣♣.#...######+#
≈≈≈≈≈≈....#.⌠.#
≈≈≈≈≈.....#...#
≈≈≈.......#+###
..........#
..........#
▓▓▓▓▓▓▓▓▓▓▓


You could see a spiny frog.

Vanquished Creatures
  A water elemental (D)
  Crazy Yiuf (D)
  Jessica (D)
  2 humans (D)
  2 oozes (D)
  A rat (D)
8 creatures vanquished.

Vanquished Creatures (others)
  2 draconian scorchers (D)
  6 hellions (D)
  A yaktaur (D)
9 creatures vanquished.

Grand Total: 17 creatures vanquished

Notes
Turn   | Place    | Note
-------+----------+-------------------------------------------
     0 | D        | dvd the Minotaur Fighter began the quest for the Orb.
     0 | D        | Reached XP level 1. HP: 19/19 MP: 0/0
     4 | D        | Reached skill level 4 in Armour
     9 | D        | Reached XP level 2. HP: 28/28 MP: 1/1
    21 | D        | Noticed Jessica
    28 | D        | Killed Jessica
    28 | D        | Reached skill level 5 in Fighting
    28 | D        | Reached skill level 5 in Armour
    28 | D        | Reached skill level 5 in Shields
    28 | D        | Reached XP level 3. HP: 21/36 MP: 2/2
    70 | D        | Killed a hellion
    71 | D        | Killed a hellion
    72 | D        | Killed a hellion
    82 | D        | Killed a hellion
    86 | D        | Killed a hellion
   159 | D        | Noticed Crazy Yiuf
   164 | D        | Killed Crazy Yiuf
   164 | D        | Reached skill level 6 in Armour
   166 | D        | Killed a yaktaur
   166 | D        | Killed a hellion
   174 | D        | Killed a white draconian scorcher
   177 | D        | Reached XP level 4. HP: 44/45 MP: 3/3
   184 | D        | Killed a white draconian scorcher
   265 | D        | Noticed a water elemental
   270 | D        | Killed a water elemental
   270 | D        | Reached skill level 5 in Axes
   270 | D        | Reached skill level 7 in Armour
   270 | D        | Reached XP level 5. HP: 30/52 MP: 4/4
   455 | D        | Found a hide-covered altar of Uskayaw.
   455 | D        | Found a roughly hewn altar of Beogh.
   455 | D        | Found an iron altar of Okawaru.
   455 | D        | Found a bloodstained altar of Trog.
   455 | D        | Noticed a human
   458 | D        | Noticed a human
   464 | D        | Killed a human
   464 | D        | Reached skill level 9 in Armour
   464 | D        | Reached XP level 6. HP: 15/62 MP: 5/5
   470 | D        | Noticed a troll
   470 | D        | a human changed into a troll
   471 | D        | Noticed a spiny frog
   471 | D        | a troll changed into a spiny frog
   473 | D        | Mangled by a spiny frog

Skill      XL: |  1  2  3  4  5 |
---------------+----------------+-----
Fighting       | 4 5 6 7 8 |  8.9
Armour         | 4 5 6 7 9 |  9.3
Shields        | 4 5 6 7 8 |  8.2
Axes           | 3 4 5 |  5.8
Staves         | 2 |  2.0
Dodging        | |  0.2

Action                   |  1- 3 |  4- 6 || total
-------------------------+-------+-------++-------
Melee: War axe           |    17 |       ||    17
       Headbutt          |     5 |     3 ||     8
       Quarterstaff      |       |    17 ||    17
  Use: Potion            |       |     2 ||     2
 Stab: Petrifying        |       |     1 ||     1
       Petrified         |       |     1 ||     1
Armor: Scale mail        |     2 |     7 ||     9
Dodge: Dodged            |     4 |    13 ||    17
Block: Shield            |     5 |       ||     5
